 Dungeon Crawl Stone Soup version 0.27-a0-931-g5a74e75d8f (webtiles) character file.

Game seed: 2594978092505760936

13 Alarkh the Insei (level 2, 19/23 HPs)
             Began as a Demonspawn Gladiator on Apr 10, 2021.
             Got out of the dungeon alive.
             The game lasted 00:00:26 (827 turns).

Alarkh the Insei (Demonspawn Gladiator)              Turns: 827, Time: 00:00:27

Health: 19/23      AC:  4    Str: 14    XL:     2   Next: 24%
Magic:  2/2        EV: 12    Int:  9    God:
Gold:   40         SH:  0    Dex: 14    Spells: 1/1 levels left

rFire    . . .     SeeInvis .     - Unarmed
rCold    . . .     Faith    .   (no shield)
rNeg     . . .     Spirit   .   a - +0 leather armour
rPois    .         Reflect  .   b - +0 helmet
rElec    .         Harm     .   (no cloak)
rCorr    .         Rampage  .   (no gloves)
Will     .....                  (no boots)
Stlth    +.........             (no amulet)
HPRegen  0.07/turn              (no ring)
MPRegen  0.16/turn              (no ring)

@: no status effects
A: magic regeneration
a: no special abilities


You escaped.
You visited 1 branch of the dungeon, and saw 1 of its levels.

You collected 40 gold pieces.

Inventory:

Missiles
 c - 3 throwing nets (quivered)
Armour
 a - a +0 leather armour (worn)
 b - a +0 helmet (worn)
Scrolls
 d - a scroll of silence {unknown}
Potions
 e - 2 potions of lignification {unknown}


   Skills:
 + Level 2.3 Fighting
 - Level 1.7 Throwing
 - Level 2.6 Dodging
 * Level 3.2 Unarmed Combat


You had one spell level left.
You didn't know any spells.
Your spell library was empty.

Dungeon Overview and Level Annotations

Branches:
Dungeon (1/15)

Altars:


Innate Abilities, Weirdness & Mutations

You regenerate magic rapidly.


Message History

You kill the jackal!
Things that are here:
a jackal corpse; a jackal corpse; a jackal corpse
Things that are here:
a jackal corpse; a jackal corpse; a jackal corpse You now have 40 gold pieces (gained 16).
A hobgoblin comes into view.
The hobgoblin shouts!
Found a stone staircase leading down.
A hobgoblin is nearby!
A hobgoblin is nearby!
The hobgoblin closely misses you.
You barely miss the hobgoblin. The hobgoblin misses you.
You hit the hobgoblin.
The hobgoblin is moderately wounded.
The hobgoblin hits you but does no damage.
You barely miss the hobgoblin.
The hobgoblin is moderately wounded.
The hobgoblin closely misses you.
You closely miss the hobgoblin.
The hobgoblin is moderately wounded.
The hobgoblin barely misses you.
You barely miss the hobgoblin.
The hobgoblin is moderately wounded.
The hobgoblin hits you but does no damage.
You barely miss the hobgoblin.
The hobgoblin is moderately wounded.
The hobgoblin hits you.
You closely miss the hobgoblin.
The hobgoblin is moderately wounded.
The hobgoblin hits you.
You hit the hobgoblin.
You kill the hobgoblin!
No target in view!
No target in view!
No target in view!
There is an open door here.
There is a staircase leading out of the dungeon here.
Are you sure you want to leave the Dungeon?
This will make you lose the game!
You have escaped!

#######.# #######.# ##....#.#
##.##.#.# ##.#..#.# ### ###
##.#....# #.# ###.# #.......#
##'####..## ##....#.# +...'..###
#.....#.# #.@.#### #)..#...#
+...'..### #### #.#.....#
##'####..## #... #.......# #.#
###.## #.## ######### ######.####
##.# #†#.
.......####.........###..#####.#.
######.#.........................
.....#.#.#######+#######...###.##
####.#.#.# #.# #.......#


There were no monsters in sight!

Vanquished Creatures
  An endoplasm (D:1)
  A goblin (D:1)
  A hobgoblin (D:1)
  4 jackals (D:1)
  A kobold (D:1)
  2 frilled lizards (D:1)
  A rat (D:1)
11 creatures vanquished.

Notes
Turn   | Place    | Note
-------+----------+-------------------------------------------
     0 | D:1      | Alarkh the Demonspawn Gladiator began the quest for the
                  | Orb.
     0 | D:1      | Reached XP level 1. HP: 16/16 MP: 1/1
   427 | D:1      | Found a faded altar of an unknown god.
   545 | D:1      | Reached skill level 3 in Unarmed Combat
   647 | D:1      | Gained mutation: You regenerate magic rapidly. [demonic
                  | ancestry]
   647 | D:1      | Reached XP level 2. HP: 12/22 MP: 2/2
   827 | D:$      | Got out of the dungeon alive.

Illustrated notes

Levels and vault maps discovered:
D:1:      dpeg_arrival_radiant, layout_basic, ebering_ecumenical_altar_hall,
          minmay_door_square, roderic_serpentine_path

Skill      XL: |  1 |
---------------+----+-----
Unarmed Combat | 3 |  3.2
Fighting       | |  2.3
Throwing       | |  1.7
Dodging        | |  2.6

Action                   || total
-------------------------++-------
Melee: Unarmed           ||    51
Armor: Leather armour    ||    16
Dodge: Dodged            ||    22

Table legend: (Time is in decaauts)
 A = Elapsed time spent in this place.
 B = Non-inter-level travel time spent in this place.
 C = Inter-level travel time spent in this place.
 D = Time resting spent in this place.
 E = Time spent auto-exploring this place.
 F = Levels seen in this place.
 G = Mean time per level.
                   A        B        C        D        E       F      G
               +--------+--------+--------+--------+--------+-----+--------+
         Total |    824 |    795 |     29 |      0 |    718 |   1 |  824.0 |
       Dungeon |    824 |    795 |     29 |      0 |    718 |   1 |  824.0 |
               +--------+--------+--------+--------+--------+-----+--------+

Top non-repeatable levels by time:
     D:1: 824 daAuts
